Map: King Sejong Station LE

Players

Jaximus

  • Race: Zerg Zerg
  • League: Platinum

xTotalHavok - Winner!

  • Race: Protoss Protoss
  • League: Platinum

VOD

Have the link to the VOD?

Description

Time

  • Played on: Aug. 25, 2016, 8:25 p.m.
  • Length: 9:17
Show
View Real Time Build Order
Export as new Build Order

Jaximus Zerg 

Build Orders: Hatch First 

Get SALT Encoding   

  12  0:02  Drone  
  13  0:12  Overlord  
  13  0:19  Drone  
  14  0:31  Drone x2  
  16  0:36  Drone  
  17  0:54  Hatchery  
  16  0:57  Drone  
  16  0:59  Extractor  
  16  1:03  Drone  
  17  1:18  Spawning Pool  
  17  1:25  Drone x2  
  18  1:44  Overlord, Drone  
  19  2:04  Metabolic Boost  
  19  2:05  Queen  
  19  2:08  Drone  
  22  2:11  Queen  
  25  2:15  Drone  
  25  2:18  Drone  
  26  2:24  Drone  
  26  2:26  Drone  
  26  2:28  Drone  
  29  2:40  Zergling x2  
  29  2:41  Zergling x2  
  29  2:42  Overlord  
  31  3:00  Roach Warren  
  31  3:01  Drone  
  31  3:03  Drone, Extractor  
  31  3:04  Queen  
  31  3:05  Drone  
  34  3:19  Drone x3  
  37  3:20  Overlord  
  37  3:23  Overlord  
  36  3:58  Roach x4, Zergling x2  
  36  3:59  Zergling x14  
  52  4:05  Lair  
  52  4:16  Overlord  
  52  4:22  Hatchery  
  51  4:28  Drone  
  52  4:35  Drone  
  52  4:36  Drone x4  
  57  5:07  Drone x3  
  57  5:09  Overlord x4, Extractor  
  57  5:10  Glial Reconstitution, Extractor  
  55  5:28  Roach x6  
  59  5:30  Ravager x4  
  71  5:37  Evolution Chamber  
  71  5:38  Drone x2  
  71  5:39  Drone  
  71  5:40  Evolution Chamber  
  72  5:48  Queen  
  72  5:49  Drone x2  
  76  5:53  Drone  
  76  5:54  Drone x2  
  79  5:59  Overseer  
  79  6:03  Pneumatized Carapace  
  79  6:05  Drone x2  
  79  6:10  Drone  
  82  6:12  Zergling x2  
  82  6:13  Zergling x6  
  81  6:32  Drone  
  82  6:33  Drone x8  
  90  6:45  Zerg Missile Weapons Level 1  
  90  6:50  Hydralisk Den  
  90  6:51  Infestation Pit  
  90  6:54  Overlord  
  88  6:57  Drone x5  
  88  7:01  Extractor x2  
  91  7:22  Zergling x2  
  87  7:24  Zergling x8  
  87  7:25  Zergling x18  
  87  7:29  Hive  
  99  7:31  Drone x3  
  99  7:32  Drone x2  
  99  7:34  Drone  
  99  7:36  Muscular Augments  
  105  7:53  Overlord x5  
  91  8:08  Zergling x2  
  91  8:09  Zergling x12  
  95  8:25  Zergling x2  
  95  8:26  Zergling x12  
  95  8:33  Zergling x2  
  80  8:42  Zergling x6  
  73  8:49  Hydralisk x2  
  69  8:59  Zergling x12  
  71  9:10  Spore Crawler x3  
  71  9:11  Spore Crawler  
  71  9:12  Spore Crawler x2  
Show
View Real Time Build Order
Export as new Build Order

xTotalHavok Protoss - Winner!

Build Orders: 1 Gate Expand 

Get SALT Encoding   

  12  0:01  Probe (Chrono Boost)  
  13  0:12  Probe (Chrono Boost)  
  14  0:20  Pylon  
  14  0:22  Probe (Chrono Boost)  
  15  0:38  Probe (Chrono Boost)  
  16  0:44  Gateway  
  16  0:48  Probe (Chrono Boost)  
  17  0:56  Assimilator  
  17  0:59  Probe (Chrono Boost)  
  18  1:09  Probe (Chrono Boost)  
  19  1:23  Probe (Chrono Boost)  
  20  1:33  Nexus  
  20  1:37  Probe (Chrono Boost)  
  20  1:44  Cybernetics Core  
  20  1:51  Probe (Chrono Boost)  
  21  2:01  Pylon  
  21  2:02  Probe (Chrono Boost)  
  22  2:12  Probe (Chrono Boost)  
  22  2:13  Assimilator  
  23  2:23  Probe (Chrono Boost)  
  23  2:25  Robotics Facility, Warp Gate  
  24  2:34  Stalker  
  26  2:50  Probe (Chrono Boost)  
  26  2:51  Probe (Chrono Boost)  
  28  3:00  Probe (Chrono Boost)  
  28  3:03  Zealot  
  28  3:05  Mothership Core (Chrono Boost)  
  33  3:15  Probe (Chrono Boost)  
  33  3:18  Pylon  
  34  3:24  Probe (Chrono Boost)  
  34  3:25  Probe (Chrono Boost)  
  36  3:29  Immortal  
  40  3:36  Probe x2 (Chrono Boost)  
  40  3:46  Probe (Chrono Boost)  
  40  3:49  Probe (Chrono Boost)  
  38  3:57  Probe (Chrono Boost)  
  38  3:59  Stalker  
  38  4:01  Probe (Chrono Boost)  
  42  4:08  Probe (Chrono Boost)  
  43  4:13  Probe (Chrono Boost)  
  43  4:14  Pylon  
  43  4:16  Immortal  
  44  4:18  Probe (Chrono Boost), Pylon  
  50  4:25  Probe (Chrono Boost)  
  50  4:29  Probe (Chrono Boost)  
  51  4:37  Probe (Chrono Boost)  
  52  4:39  Probe (Chrono Boost)  
  52  4:43  Gateway  
  53  4:50  Probe (Chrono Boost), Gateway  
  53  4:51  Probe (Chrono Boost)  
  55  4:59  Twilight Council, Pylon  
  55  5:07  Adept  
  57  5:23  Immortal  
  61  5:38  Gateway  
  61  5:39  Probe (Chrono Boost)  
  61  5:40  Probe (Chrono Boost), Gateway  
  61  5:42  Assimilator, Gateway  
  63  5:44  Gateway  
  63  5:45  Assimilator  
  61  5:50  Adept x3  
  61  5:52  Probe (Chrono Boost)  
  68  6:09  Resonating Glaives  
  72  6:11  Immortal  
  72  6:15  Adept x3  
  78  6:37  Pylon  
  78  6:40  Pylon  
  78  6:42  Pylon  
  78  6:47  Pylon  
  78  6:49  Pylon  
  78  6:52  Pylon  
  78  6:54  Warp Prism, Pylon  
  78  6:57  Pylon  
  78  6:59  Adept x4  
  88  7:14  Adept x2  
  90  7:25  Stalker x4  
  98  7:58  Stalker  
  98  7:59  Stalker x5  
  98  8:00  Stalker  
  102  8:34  Adept x5  
  104  8:35  Adept x2  
Tags
 
Add a new tag
Caveats
  • Supply blocks, unpowered buildings, or Contaminate may cause inaccurate times.
  • Supply counts are checked every 10 seconds.